 Dungeon Crawl Stone Soup version 0.31-a0-968-g24f9ace8b5 (webtiles) character file.

Game seed: 13325796302992449412

20010 gelatine the Cleaver (level 12, -9/92 HPs)
             Began as a Demonspawn Gladiator on Oct 28, 2023.
             Mangled by a meliai
             ... wielding a +0 war axe
              (16 damage)
             ... on level 13 of the Dungeon.
             The game lasted 00:40:30 (11196 turns).

gelatine the Cleaver (Demonspawn Gladiator)        Turns: 11196, Time: 00:40:31

Health: -9/92      AC:  6    Str: 19    XL:     12   Next: 41%
Magic:  15/15      EV: 19    Int:  9    God:
Gold:   851        SH:  8    Dex: 16    Spells: 15/15 levels left

rFire   . . .        a - +0 war axe (protect)
rCold   . . .        U - +0 kite shield
rNeg    . . .        T - +0 troll leather armour
rPois   +            (helmet restricted)
rElec   .            (no cloak)
rCorr   .            H - +0 pair of gloves
SInv    .            C - +0 pair of boots
Will    .....        r - amulet of regeneration
Stlth   +++          I - ring of poison resistance
HPRegen 1.95/turn    w - +5 ring of evasion
MPRegen 0.14/turn

%: no passive effects
@: no status effects
A: claws 2, horns 1, spiny 1, demonic magic 1, weakness stinger 1
a: no special abilities


You were on level 13 of the Dungeon.
You visited 1 branch of the dungeon, and saw 13 of its levels.
You also visited: Sewer.

You collected 851 gold pieces.

Inventory:

Hand Weapons
 a - a +0 war axe of protection (weapon)
 x - a +1 heavy hand axe
 X - a +0 broad axe
Missiles
 d - 8 throwing nets
 L - 3 curare-tipped darts
 O - 2 javelins (quivered)
Armour
 C - a +0 pair of boots (worn)
 H - a +0 pair of gloves (worn)
 M - a +0 leather armour of cold resistance
 N - +0 steam dragon scales
 Q - a +0 buckler
 R - a +0 scale mail of cold resistance
 T - a +0 troll leather armour (worn)
 U - a +0 kite shield (worn)
Jewellery
 c - a ring of protection from fire
 i - an amulet of guardian spirit
 r - an amulet of regeneration (around neck)
 t - a ring of magical power
 w - a +5 ring of evasion (right hand)
 A - a ring of ice
 E - a ring of fire
 I - a ring of poison resistance (left hand)
 J - a ring of flight
Talismans
 h - a serpent talisman
 p - a maw talisman
 v - the dragon-blood talisman of the Hippo {rElec Str-5 Int+3 Dex+5}
   (You found it in a sewer)

   [dragon-blood talisman]

   Str-5:     It affects your strength (-5).
   Int+3:     It affects your intelligence (+3).
   Dex+5:     It affects your dexterity (+5).
   rElec:     It insulates you from electricity.
Wands
 b - a wand of paralysis (15)
 y - a wand of mindburst (10)
 F - a wand of roots (10)
 G - a wand of light (4)
 P - a wand of digging (9)
Scrolls
 e - 2 scrolls of blinking
 o - 4 scrolls of teleportation
 u - a scroll of identify
 z - 3 scrolls of amnesia
 S - a scroll of immolation
 V - a scroll of noise
Potions
 f - a potion of brilliance
 g - 4 potions of curing
 j - a potion of invisibility
 k - a potion of berserk rage
 l - 2 potions of heal wounds
 m - 5 potions of enlightenment
 n - a potion of resistance
 q - 2 potions of might
 s - a potion of cancellation
 B - 2 potions of magic
 K - a potion of lignification


   Skills:
 * Level 7.7 Fighting
 * Level 11.6 Axes
 + Level 6.1 Throwing
 * Level 6.3 Armour
 * Level 7.3 Dodging
 + Level 7.4 Stealth
 * Level 1.7 Shields
 + Level 2.0 Spellcasting
 + Level 3.1 Evocations
 + Level 1.7 Shapeshifting


You had 15 spell levels left.
You didn't know any spells.
Your spell library contained the following spells:

 Spells                   Type           Power      Damage    Failure   Level
 Freeze                   Ice            0%         1d3       71%         1
 Sublimation of Blood     Necr           0%         N/A       85%         2
 Wereblood                Tmut           0%         N/A       85%         2
 Frozen Ramparts          Ice            0%         1d1       97%         3
 Hailstorm                Conj/Ice       0%         3d3       97%         3
 Stone Arrow              Conj/Erth      0%         3d7       97%         3
 Tukima's Dance           Hex            0%         N/A       97%         3
 Animate Armour           Summ/Erth      0%         N/A       100%        4
 Dimensional Bullseye     Hex/Tloc       0%         N/A       100%        4
 Iskenderun's Mystic Bla  Conj/Tloc      0%         2d3       100%        4
 Summon Hydra             Summ           0%         N/A       100%        7
 Lehudib's Crystal Spear  Conj/Erth      0%         10d2      100%        8


Dungeon Overview and Level Annotations

Branches:
Dungeon (13/15)            Temple (0/1) D:7            Lair (0/5) D:11
    Orc (0/2) D:11          Sewer (visited)
 Vaults: D:13-14

Altars:
Dithmenos
Fedhas
Kikubaaqudgha
Makhleb
Qazlal
Xom
Yredelemnul

Shops:
D:11 [


Innate Abilities, Weirdness & Mutations

You have very sharp fingernails.
You have a pair of small horns on your head.
You are partially covered in sharp spines.
Spells you cast may paralyse adjacent enemies.
You have a small tail.


Message History

The killer bee misses you.
You slash the killer bee!
You kill the killer bee!
The meliai calls upon its god to heal the killer bee.
The killer bee is healed somewhat.
You block the killer bee's attack.
Unknown command.
You slash the killer bee!
You kill the killer bee!
The meliai barely misses you. The meliai misses you.
You hit the meliai but do no damage. The meliai hits you with a +0 war axe!
* * * LOW HITPOINT WARNING * * *
The meliai stings you but does no damage.
The meliai mumbles some strange prayers to its god against you.
Something smites you!
* * * LOW HITPOINT WARNING * * *
You feel much better.
The meliai invokes the aid of its god against you.
Something smites you! The meliai misses you.
The meliai stings you but does no damage.
You closely miss the meliai. The meliai misses you.
You block the meliai's attack. The meliai is struck by your spines.
The meliai hits you with a +0 war axe. The meliai closely misses you.
You completely miss the meliai.
The meliai is moderately wounded.
The meliai calls down the wrath of its god upon you.
Something smites you!
* * * LOW HITPOINT WARNING * * *
You block the meliai's attack. The meliai stings you!
* * * LOW HITPOINT WARNING * * *
The killer bee rages.
The meliai misses you. The meliai stings you.
* * * LOW HITPOINT WARNING * * *
You closely miss the meliai.
The meliai is moderately wounded.
The meliai is struck by your spines. The meliai misses you.
The meliai stings you!
* * * LOW HITPOINT WARNING * * *
The killer bee rages. x2
The meliai is struck by your spines. The meliai hits you with a +0 war axe!
You die...

###### #yy@.# #y##.#
#.yy).#.######
#.††!y#......##########
#...y†#.....)))......>.
#.††y.######)#####.....
####### ##.## #<####
#.# ####...## #.# #.#
#.......# #.#


You could see a meliai and 4 killer bees.

Vanquished Creatures
  Harold (D:11)
  2 two-headed ogres
  A centaur warrior (D:13)
  Pikel (D:8)
  A deep elf pyromancer (D:12)
  A cyclops (D:12)
  A manticore (D:12)
  A gargoyle (D:10)
  Maggie (D:6)
  2 komodo dragons
  2 unseen horrors
  A queen bee (D:13)
  3 trolls (D:12)
  A meliai (D:13)
  6 slime creatures
  2 wraiths (D:12)
  32 yaks
  A vampire (D:12)
  3 wyverns
  A basilisk (D:11)
  3 steam dragons
  7 vampire mosquitoes
  2 water moccasins (D:11)
  An acid dragon (D:12)
  2 black bears
  5 orc warriors
  2 sky beasts (D:7)
  2 ice beasts
  2 ogres
  6 centaurs
  2 lemures (D:8)
  2 kobold brigands
  Blork the orc (D:5)
  5 bullfrogs
  3 gnoll sergeants
  6 scorpions
  11 wights
  16 killer bees
  3 howler monkeys (D:10)
  7 orc priests
  A jelly (D:5)
  A hound (D:6)
  3 gnoll boudas
  3 iguanas
  9 orc wizards
  Robin (D:2)
  10 adders
  26 gnolls
  3 white imps
  4 ufetubi
  4 worms
  30 orcs
  2 bat zombies (D:8)
  19 endoplasms
  7 giant cockroaches
  19 goblins
  10 hobgoblins
  2 jackals (D:1)
  16 kobolds
  17 quokkas
  13 ball pythons
  5 bats
  9 frilled lizards
  2 rats (D:3)
  A rat zombie (D:8)
369 creatures vanquished.

Notes
Turn   | Place    | Note
-------+----------+-------------------------------------------
     0 | D:1      | gelatine the Demonspawn Gladiator began the quest for the
                  | Orb.
     0 | D:1      | Reached XP level 1. HP: 16/16 MP: 1/1
   283 | D:1      | Gained mutation: You are partially covered in sharp spines.
                  | [demonic ancestry]
   283 | D:1      | Reached XP level 2. HP: 19/22 MP: 2/2
   357 | D:1      | Reached skill level 3 in Axes
   393 | D:1      | Found a faded altar of an unknown god.
   805 | D:2      | Reached XP level 3. HP: 17/27 MP: 3/3
  1087 | D:2      | Discovered your monstrous ancestry.
  1087 | D:2      | Gained mutation: You have a pair of small horns on your
                  | head. [demonic ancestry]
  1087 | D:2      | Reached XP level 4. HP: 32/34 MP: 4/4
  1094 | D:2      | Noticed Robin
  1105 | D:2      | Killed Robin
  1521 | D:3      | Found a basalt altar of Yredelemnul.
  1542 | D:3      | Reached XP level 5. HP: 40/40 MP: 5/5
  1554 | D:3      | Reached skill level 1 in Armour
  1935 | D:4      | Reached skill level 4 in Axes
  2070 | D:4      | Gained mutation: You have sharp fingernails. [demonic
                  | ancestry]
  2070 | D:4      | Reached XP level 6. HP: 44/47 MP: 6/6
  2543 | D:5      | Entered Level 5 of the Dungeon
  2573 | D:5      | Found a glowing drain.
  2583 | Sewer    | Entered a sewer
  2699 | Sewer    | Reached skill level 1 in Stealth
  2761 | Sewer    | Reached skill level 1 in Evocations
  2782 | Sewer    | Reached skill level 1 in Spellcasting
  2797 | Sewer    | Identified the dragon-blood talisman of the Hippo {rElec
                  | Str-5 Int+3 Dex+5}
  2840 | D:5      | Reached skill level 1 in Shapeshifting
  2843 | D:5      | Reached XP level 7. HP: 28/52 MP: 8/8
  2946 | D:5      | Reached skill level 5 in Axes
  3435 | D:5      | Gained mutation: Spells you cast may paralyse adjacent
                  | enemies. [demonic ancestry]
  3435 | D:5      | Reached XP level 8. HP: 57/60 MP: 10/10
  3574 | D:5      | Noticed Blork the orc
  3584 | D:5      | Killed Blork the orc
  3870 | D:5      | Found a shadowy altar of Dithmenos.
  3873 | D:5      | Found a stormy altar of Qazlal.
  3890 | D:5      | Found a shimmering altar of Xom.
  3995 | D:6      | Noticed Maggie
  4003 | D:6      | Killed Maggie
  4004 | D:6      | Reached skill level 6 in Axes
  4021 | D:6      | Gained mutation: You have a small tail. [demonic ancestry]
  4021 | D:6      | Reached XP level 9. HP: 24/66 MP: 12/12
  4894 | D:7      | Reached skill level 5 in Dodging
  4903 | D:7      | Found a staircase to the Ecumenical Temple.
  5098 | D:7      | Reached skill level 7 in Axes
  5961 | D:8      | Reached skill level 5 in Fighting
  5961 | D:8      | Reached skill level 5 in Stealth
  6133 | D:8      | Noticed Pikel
  6214 | D:8      | Killed Pikel
  6215 | D:8      | Gained mutation: You have very sharp fingernails. [demonic
                  | ancestry]
  6215 | D:8      | Reached XP level 10. HP: 48/74 MP: 13/13
  6276 | D:8      | Found an ancient bone altar of Kikubaaqudgha.
  6475 | D:8      | Reached skill level 8 in Axes
  7062 | D:9      | Reached skill level 5 in Armour
  7152 | D:9      | Reached skill level 5 in Throwing
  7179 | D:9      | Found a blossoming altar of Fedhas.
  7187 | D:9      | Found a burning altar of Makhleb.
  7216 | D:9      | Reached skill level 9 in Axes
  7252 | D:9      | Noticed a two-headed ogre
  7260 | D:9      | Killed a two-headed ogre
  7261 | D:9      | Reached XP level 11. HP: 57/83 MP: 14/14
  7867 | D:10     | Entered Level 10 of the Dungeon
  8508 | D:11     | Found a staircase to the Orcish Mines.
  8511 | D:11     | Found Ziskohir's Armour Shop.
  8581 | D:11     | Noticed a two-headed ogre
  8592 | D:11     | HP: 3/83 [two-headed ogre/+0 giant spiked club (3)]
  8595 | D:11     | Killed a two-headed ogre
  8907 | D:11     | Noticed Harold
  8922 | D:11     | Paralysed by Harold for 4 turns
  8934 | D:11     | Killed Harold
  8958 | D:11     | Reached skill level 10 in Axes
  8969 | D:11     | Found a staircase to the Lair.
 10069 | D:11     | Reached XP level 12. HP: 46/91 MP: 15/15
 10141 | D:12     | Reached skill level 11 in Axes
 11038 | D:13     | Noticed a centaur warrior
 11066 | D:13     | Killed a centaur warrior
 11067 | D:13     | Reached skill level 1 in Shields
 11196 | D:13     | Mangled by a meliai

Illustrated notes

Levels and vault maps discovered:
D:1:      dpeg_arrival_rhombi, layout_basic, chequers_ecumenical_altar_island
D:2:      layout_loops_ring, uniq_robin
D:3:      layout_rooms, old_standard_altar
D:4:      layout_loops_ring, elyvilon_altar_5
D:5:      layout_basic, grunt_temple_overflow_cloverleaf,
          mainiacjoe_sewer_entry_somewhere_in_here_1, minmay_misc_feat_chi,
          kennysheep_generic_room_3, uniq_blork_the_orc
D:6:      layout_gridville, minivault_1, uniq_maggie
D:7:      layout_rooms, minmay_temple_entry_arrows, serial_co_window_serial,
          co_window_paths_a, co_window_paths_a, co_window_paths_a,
          co_window_corner_a, co_window_paths_a, co_window_paths_a,
          co_window_corner_a, co_window_paths_c, co_window_2corner,
          co_window_paths_c, co_window_corner_b, co_window_2corner,
          co_window_unsneaky_path_a, co_window_unsneaky_path_d,
          co_window_4corner_a, glass_columns_c, glass_columns_b,
          glass_columns_c, glass_columns_b, minmay_misc_feat_square,
          ebering_dispersal_statue_hall
D:8:      layout_basic, lemuel_zombie_altar_kikubaaqudgha, special_room
          [special_room_orc], uniq_pikel
D:9:      layout_basic, grunt_temple_overflow_open
D:10:     layout_roguey
D:11:     layout_loops_corners, minmay_lair_entry_grove, orc_david_3,
          grunt_decor_one_mirror, uniq_harold
D:12:     layout_basic
D:13:     layout_loops_ring, david_vaults_5,
          portal_ice_cave_entry_animals_and_master, special_room
          [special_room_bee], serial_shops, shop, kennysheep_mini_moat,
          nicolae_take_the_stairs, nicolae_shop_crystal

Skill      XL: |  1  2  3  4  5  6  7  8  9 10 11 12 |
---------------+-------------------------------------+-----
Dodging        | 3 4 5 6 7 |  7.3
Throwing       | 2 3 4 5 6 |  6.1
Axes           | 3 4 5 6 7 9 10 11 | 11.6
Armour         | 1 2 3 4 5 6 |  6.3
Fighting       | 3 4 5 6 7 |  7.7
Stealth        | 1 2 3 5 6 7 |  7.4
Evocations     | 1 2 3 |  3.1
Spellcasting   | 1 2 |  2.0
Shapeshifting  | 1 |  1.7
Shields        | 1 |  1.7

Action                     |  1- 3 |  4- 6 |  7- 9 | 10-12 || total
---------------------------+-------+-------+-------+-------++-------
  Melee: War axe           |    73 |   160 |   219 |   511 ||   963
         Punch             |     2 |     1 |     4 |       ||     7
         Headbutt          |       |    33 |    50 |   137 ||   220
         Tailslap          |       |       |    23 |    86 ||   109
  Throw: Stone             |       |    20 |     3 |    66 ||    89
         Javelin           |       |     4 |     6 |    30 ||    40
         Boomerang         |       |       |    13 |       ||    13
         Dart              |       |       |       |     1 ||     1
  Evoke: Wand              |       |     3 |    32 |     7 ||    42
    Use: Scroll            |       |     8 |     4 |     7 ||    19
         Potion            |       |     1 |     1 |     2 ||     4
   Stab: Paralysed         |       |       |    46 |       ||    46
         Sleeping          |       |       |       |     3 ||     3
 Armour: Ring mail         |    46 |    98 |   195 |   102 ||   441
         Steam dragon scal |       |       |       |   187 ||   187
         Leather armour    |       |       |       |     8 ||     8
         Troll leather arm |       |       |       |    59 ||    59
  Dodge: Dodged            |    52 |   105 |   135 |   353 ||   645
  Block: Buckler           |       |       |       |    33 ||    33
         Kite shield       |       |       |       |    39 ||    39

Table legend: (Time is in decaauts)
 A = Elapsed time spent in this place.
 B = Non-inter-level travel time spent in this place.
 C = Inter-level travel time spent in this place.
 D = Time resting spent in this place.
 E = Time spent auto-exploring this place.
 F = Levels seen in this place.
 G = Mean time per level.
                   A        B        C        D        E       F      G
               +--------+--------+--------+--------+--------+-----+--------+
         Total |  11405 |  10918 |    487 |      0 |   7910 |  14 |  814.6 |
       Dungeon |  11103 |  10616 |    487 |      0 |   7830 |  13 |  854.1 |
         Sewer |    301 |    301 |      0 |      0 |     79 |   1 |  301.0 |
               +--------+--------+--------+--------+--------+-----+--------+

Top non-repeatable levels by time:
    D:12: 1352 daAuts
     D:5: 1249 daAuts
    D:11: 1214 daAuts
     D:8: 1055 daAuts
     D:9: 1002 daAuts
     D:7: 960 daAuts
     D:6: 904 daAuts
     D:1: 774 daAuts
     D:4: 673 daAuts
     D:2: 635 daAuts
    D:10: 597 daAuts
     D:3: 513 daAuts
   Sewer: 301 daAuts
    D:13: 170 daAuts
